 Dungeon Crawl Stone Soup version 0.20-a0-871-g785f14b (console) character file.

123 Goblin1989 the Slasher (level 5, -6/41 HPs)
             Began as a Barachi Fighter on Mar 15, 2017.
             Killed by divine providence
             ... invoked by an orc priest
              (10 damage)
             ... on level 3 of the Dungeon.
             The game lasted 00:06:26 (2091 turns).

Goblin1989 the Slasher (Barachi Fighter)            Turns: 2091, Time: 00:06:28

Health: -6/41      AC:  6    Str: 18    XL:     5   Next: 7%
Magic:  5/5        EV:  7    Int:  8    God:
Gold:   149        SH:  9    Dex: 12    Spells: 4/4 levels left

rFire    . . .     SeeInvis .   a - +0 long sword
rCold    . . .     Gourm    .   b - +0 scale mail
rNeg     . . .     Faith    .   c - +0 shield
rPois    .         Spirit   .   (no helmet)
rElec    .         Reflect  .   (no cloak)
rCorr    .         Harm     .   (no gloves)
MR       .....                  (no boots)
Stlth    ..........             (no amulet)
Regen    0.2/turn               (no ring)
MPRegen  0.1/turn               h - ring of loudness (curse)

@: slow
A: +LOS, swims, slowness 1, strong legs 1
a: Hop


You were on level 3 of the Dungeon.
You were not hungry.

You visited 1 branch of the dungeon, and saw 3 of its levels.

You collected 149 gold pieces.

Inventory:

Hand Weapons
 a - a +0 long sword (weapon)
Armour
 b - a +0 scale mail (worn)
 c - a +0 shield (worn)
Jewellery
 h - a cursed ring of loudness (left hand)
Scrolls
 j - a scroll of recharging {unknown}
 p - a scroll of identify {unknown}
 r - a scroll of remove curse {@r2}
 T - 2 scrolls of teleportation {!r, @r3}
Potions
 d - a potion of might
 i - a potion of degeneration {unknown}
 k - a potion of invisibility {unknown}
 m - 2 potions of berserk rage {unknown}
 n - 2 potions of mutation {unknown}
 o - 2 potions of lignification {unknown}
 s - a potion of flight {unknown}
Comestibles
 e - 2 bread rations {@e1}
 f - a chunk of flesh
 g - a royal jelly
 l - a fruit
 q - a meat ration {@e2}


   Skills:
 - Level 3.6 Fighting
 + Level 6.1 Long Blades
 - Level 3.6 Armour
 - Level 3.2 Shields


You had 4 spell levels left.
You didn't know any spells.

Dungeon Overview and Level Annotations

Branches:
Dungeon (3/15)

Altars:
Gozag
Wu Jian


Innate Abilities, Weirdness & Mutations

Shadows flee at your approach. (+LOS)
You can swim through water.
You cover ground slowly.
You can hop short distances.


Message History

Eating one of 4 chunks of flesh.
You eat one of the 4 chunks of flesh.
This raw flesh tastes terrible.
There is an open door here.
You open the door.
There is an open door here.
Some of the chunks of flesh in your inventory have rotted away.
Found a stone staircase leading up.
There is an open door here.
Things that are here:
a short sword; 3 stones; a kobold skeleton You open the door.
There is an open door here.
Found an ornate altar of the Wu Jian Council.
Found a stone staircase leading down.
Found an opulent altar of Gozag.
An orc comes into view. It is wielding a short sword.
The orc shouts!
A hobgoblin comes into view. It is wielding a club.
A goblin, an orc and an orc priest come into view.
The hobgoblin shouts!
The orc shouts!
The orc priest shouts! 3 orcs come into view.
The orc shouts! x2
The orc shouts!
You slash the orc!
You kill the orc!
An orc and an orc wizard come into view.
The orc wizard shouts!
The orc shouts!
You hit the hobgoblin.
The hobgoblin is heavily wounded.
The hobgoblin hits you with a club. The goblin hits you with a dagger.
You take 5 damage, and have 36/41 hp.
You hit the hobgoblin.
You kill the hobgoblin!
The orc priest looks braver for a moment.
The goblin hits you but does no damage.
An orc comes into view. It is wielding a falchion.
You closely miss the orc.
The orc shouts!
The goblin hits you with a dagger. The orc hits you but does no damage.
You take 1 damage, and have 35/41 hp.
You hit the orc but do no damage. The orc hits you with a flail!
You block the goblin's attack. The orc hits you but does no damage.
You take 7 damage, and have 28/41 hp.
You hit the orc.
The orc is heavily wounded.
The goblin hits you but does no damage.
You hit the orc but do no damage.
The orc is heavily wounded.
You block the goblin's attack. The orc hits you with a flail.
You take 3 damage, and have 25/41 hp.
You miss the orc wizard. The goblin hits you but does no damage.
The orc priest miscasts a cantrip.
The orc wizard mumbles some strange words.
The orc wizard flickers and vanishes!
Deactivating autopickup; reactivate with Ctrl-A.
The goblin hits you but does no damage. You block the orc's attack.
You closely miss the orc.
The orc priest mumbles some strange prayers to Beogh against you.
Beogh smites you!
* * * LOW HITPOINT WARNING * * *
Something hits you but does no damage. The goblin hits you with a dagger.
* * * LOW HITPOINT WARNING * * *
You block the orc's attack.
An orc comes into view. It is wielding a hand axe.
You take 20 damage, and have 5/41 hp.
MASSIVE DAMAGE!!
The orc shouts!
You hit the goblin.
The goblin is severely wounded.
You block something's attack. The goblin hits you but does no damage.
The orc barely misses you.
You barely miss the goblin.
The goblin is severely wounded.
Something hits you but does no damage. You block the goblin's attack.
The orc hits you but does no damage.
You closely miss the goblin.
The goblin is severely wounded.
Something hits you.
* * * LOW HITPOINT WARNING * * *
The goblin closely misses you. The orc hits you but does no damage.
Something hits you but does no damage. The goblin hits you but does no damage.
You take 1 damage, and have 5/41 hp.
You hit the goblin.
You kill the goblin!
You hear some strange, mumbled words.
Something tries to affect you, but you resist.
The orc closely misses you.
You riposte.
You barely miss the orc. You hit the orc.
The orc is lightly wounded.
You block the orc's attack. Something hits you but does no damage.
The orc hits you with a flail.
* * * LOW HITPOINT WARNING * * *
You take 1 damage, and have 4/41 hp.
Unknown command.
You hit the orc.
The orc is heavily wounded.
You block the orc's attack. Something hits you but does no damage.
You block the orc's attack.
The orc priest invokes the aid of Beogh against you.
Beogh smites you!
You die... ████████

█......██████████
█......∆........█
█......██.█████.█
█......██.██ █.█
█...<..██..█
█.█████████
█.....███████
█o@oooo...█
.██████


██>██ █{████....█ .██████ 8...8 █o█ .█ ......██.....██o. ......█⌂.....⌂█..
.███████.....██.. .█ █8...8██... ██ █.....███.█ █ You could see an orc priest
and 6 orcs.

Vanquished Creatures
  A worker ant (D:3)
  2 adders (D:2)
  3 oozes
  3 worms (D:2)
  A dart slug (D:1)
  3 leopard geckos
  An orc (D:3)
  3 bats
  A giant cockroach (D:1)
  6 goblins
  5 hobgoblins
  3 jackals (D:1)
  8 kobolds
  2 quokkas (D:2)
  3 ball pythons
  A frilled lizard (D:3)
  6 rats
52 creatures vanquished.

Notes
Turn   | Place    | Note
-------+----------+-------------------------------------------
     0 | D:1      | Goblin1989 the Barachi Fighter began the quest for the Orb.
     0 | D:1      | Reached XP level 1. HP: 18/18 MP: 1/1
    42 | D:1      | Reached skill level 3 in Long Blades
    42 | D:1      | Reached XP level 2. HP: 13/24 MP: 2/2
   357 | D:1      | Reached skill level 4 in Long Blades
   398 | D:1      | Reached XP level 3. HP: 29/29 MP: 3/3
  1122 | D:2      | Reached skill level 5 in Long Blades
  1122 | D:2      | Reached XP level 4. HP: 36/36 MP: 4/4
  1805 | D:3      | Reached skill level 6 in Long Blades
  1805 | D:3      | Reached XP level 5. HP: 25/41 MP: 5/5
  2062 | D:3      | Found an ornate altar of the Wu Jian Council.
  2065 | D:3      | Found an opulent altar of Gozag.
  2091 | D:3      | Killed from afar by an orc priest

Vault maps used:
D:1:      onia_arrival_mini_maze, minmay_shallow_snake_nest
D:3:      nicolae_overflow_hidden_temple

Skill      XL: |  1  2  3  4 |
---------------+-------------+-----
Long Blades    | 3 4 5 6 |  6.1
Fighting       | |  3.6
Armour         | |  3.6
Shields        | |  3.2

Action                   |  1- 3 |  4- 6 || total
-------------------------+-------+-------++-------
Melee: Long sword        |    77 |    99 ||   176
  Use: Scroll            |       |     3 ||     3
  Eat: Chunk             |     1 |     4 ||     5
Armor: Scale mail        |    22 |    43 ||    65
Dodge: Dodged            |    30 |    28 ||    58
Block: Shield            |    34 |    36 ||    70
       Rpst.: Long sword |     9 |     8 ||    17

Vault maps used:
D:1:      onia_arrival_mini_maze, minmay_shallow_snake_nest
D:3:      nicolae_overflow_hidden_temple
